 Dungeon Crawl Stone Soup version 0.31-a0-435-g2c6fae2916 (webtiles) character file.

Game seed: 9783682668751265405

85614 Newt the Impaler (level 15, -4/108 HPs)
             Began as a Merfolk Gladiator on Aug 1, 2023.
             Was the Champion of Hepliaklqana.
             Slain by a kraken (6 damage)
             ... on level 1 of the Shoals.
             The game lasted 00:32:06 (19149 turns).

Newt the Impaler (Merfolk Gladiator)               Turns: 19149, Time: 00:32:07

Health: -4/108     AC: 17    Str: 20    XL:     15   Next: 84%
Magic:  0/32       EV: 28    Int: 11    God:    Hepliaklqana [******]
Gold:   687        SH:  0    Dex: 17    Spells: 26/30 levels left

rFire   . . .        b - +6 glaive (heavy)
rCold   . . .        (shield currently unavailable)
rNeg    + . .        O - +4 moon troll leather armour {Spirit, Regen++ MP+5}
rPois   .            z - +2 hat
rElec   .            W - +2 cloak of Godudyuv {rN+ Int+3 Dex-3 Slay+3}
rCorr   .            (no gloves)
SInv    .            i - melded +0 pair of boots of the Orb Guardian {Contam Will++ Int+4 Dex+2}
Will    +....        U - amulet "Taugi" {Regen+ Dex+3 Slay+3}
Stlth   ++           o - +4 ring of protection
HPRegen 2.78/turn    j - +5 ring of evasion
MPRegen 0.23/turn

%: guardian spirit
@: very quick
A: reduced essence, nimble swimmer 2, mertail
a: Renounce Religion, Recall Ancestor, Ancestor Identity, Transference, Idealise


You were on level 1 of the Shoals.
You worshipped Hepliaklqana.
Hepliaklqana was exalted by your worship.
You visited 5 branches of the dungeon, and saw 22 of its levels.
You also visited: Gauntlet and Ice Cave.

You collected 2220 gold pieces.
You spent 1533 gold pieces at shops.

Inventory:

Hand Weapons
 a - a +1 trident of draining
 b - a +6 heavy glaive (weapon)
Missiles
 d - 3 throwing nets
 e - 17 javelins
 L - 4 silver javelins
Armour
 i - the +0 pair of boots of the Orb Guardian (melded) {Contam Will++ Int+4 Dex+2}
   (You found it on level 2 of the Dungeon)

   Int:       It affects your intelligence (+4).
   Dex:       It affects your dexterity (+2).
   Contam:    It causes magical contamination when unequipped.
   Will:      It greatly increases your willpower.
 z - a +2 hat (worn)
 G - the +1 leather armour of Greed {rF++ rN+ Int-5}
   (You found it on level 5 of the Lair of Beasts)

   Int:       It affects your intelligence (-5).
   rF:        It greatly protects you from fire.
   rN:        It protects you from negative energy.
 H - a +4 chain mail of fire resistance
 O - the +4 moon troll leather armour (worn) {Spirit, Regen++ MP+5}
   (You bought it in a shop on level 9 of the Dungeon)

   MP:        It affects your magic capacity (+5).
   Regen:     It increases your rate of health regeneration.
 W - the +2 cloak of Godudyuv (worn) {rN+ Int+3 Dex-3 Slay+3}
   (You found it in a Gauntlet)

   Int:       It affects your intelligence (+3).
   Dex:       It affects your dexterity (-3).
   Slay:      It affects your accuracy & damage with ranged weapons and melee
   (+3).
   rN:        It protects you from negative energy.
 Z - the +0 toga "Victory" {*Victory Clar}
   (You found it in a Gauntlet)

   *Victory:  When the wearer kills a threatening monster, it has a chance to
   gain +1 AC, +1 Slay, and +1 Int, capping at +7.
   When the wearer uses a scroll or a potion with a hostile monster in sight,
   its bonuses reset to +0.
   Unequipping it also resets its bonuses to +0.
   Clar:      It protects you from confusion, rage, mesmerisation and fear.
Jewellery
 j - a +5 ring of evasion (right hand)
 l - a ring of protection from fire
 n - a ring of magical power
 o - a +4 ring of protection (left hand)
 r - a ring of protection from cold
 A - a ring of protection from cold
 M - the amulet of Renuiqel {Acrobat rElec rC+ Will+}
   (You found it in a Gauntlet)

   [amulet of the acrobat]

   It increases your evasion while moving and waiting.
   rC:        It protects you from cold.
   rElec:     It insulates you from electricity.
   Will:      It increases your willpower.
 U - the amulet "Taugi" (around neck) {Regen+ Dex+3 Slay+3}
   (You found it on level 2 of the Lair of Beasts)

   [amulet of regeneration]

   Dex:       It affects your dexterity (+3).
   Slay:      It affects your accuracy & damage with ranged weapons and melee
   (+3).
   Regen:     It increases your rate of health regeneration.
Wands
 p - a wand of flame (68)
 w - a wand of polymorph (10)
 x - a wand of iceblast (28)
 y - a wand of digging (5)
 F - a wand of mindburst (32)
 I - a wand of charming (8)
 X - a wand of quicksilver (3)
Scrolls
 B - a scroll of vulnerability
 D - a scroll of silence
 E - a scroll of blinking
 P - 5 scrolls of identify
 T - 3 scrolls of teleportation
 Y - 2 scrolls of amnesia
Potions
 c - 6 potions of haste
 f - a potion of invisibility
 h - 2 potions of lignification
 k - a potion of cancellation
 m - 5 potions of curing
 q - a potion of magic
 s - 5 potions of heal wounds
 t - 3 potions of enlightenment
 u - a potion of resistance
 v - a potion of brilliance
 C - 4 potions of attraction
 J - 2 potions of mutation
 K - 2 potions of might
Miscellaneous
 g - a box of beasts
 S - a lightning rod (3/4)
 V - a phantom mirror


   Skills:
 - Level 12.0 Fighting
 - Level 18.0 Polearms
 - Level 2.0 Throwing
 - Level 12.0 Dodging
 - Level 8.4 Spellcasting
 - Level 11.7 Summonings
 - Level 4.9 Earth Magic
 - Level 9.0 Invocations
 + Level 10.0 Evocations


You had 26 spell levels left.
You knew the following spells:

 Your Spells              Type           Power      Damage    Failure   Level
a - Animate Armour        Summ/Erth      46%        N/A       6%          4

Your spell library contained the following spells:

 Spells                   Type           Power      Damage    Failure   Level
 Summon Small Mammal      Summ           100%       N/A       1%          1
 Call Imp                 Summ           60%        N/A       1%          2
 Apportation              Tloc           8%         N/A       19%         1
 Magic Dart               Conj           16%        1d3       19%         1
 Necrotise                Necr           16%        1d4       19%         1
 Slow                     Hex            16%        N/A       19%         1
 Stone Arrow              Conj/Erth      20%        3d8       19%         3
 Poisonous Vapours        Pois/Air       8%         N/A       26%         2
 Summon Forest            Summ/Tloc      8%         N/A       41%         5
 Confusing Touch          Hex            4%         N/A       47%         3
 Mephitic Cloud           Conj/Pois/Air  4%         N/A       47%         3
 Ozocubu's Armour         Ice            4%         N/A       47%         3
 Portal Projectile        Hex/Tloc       8%         N/A       47%         3
 Tukima's Dance           Hex            4%         N/A       47%         3
 Vampiric Draining        Necr           4%         2d6       47%         3
 Summon Hydra             Summ           15%        N/A       77%         7
 Cause Fear               Hex            2%         N/A       87%         4
 Iskenderun's Mystic Bla  Conj/Tloc      4%         2d3       87%         4
 Borgnjor's Vile Clutch   Necr/Erth      5%         N/A       87%         5
 Alistair's Intoxication  Tmut/Pois      2%         N/A       99%         5
 Fireball                 Conj/Fire      2%         3d4       99%         5
 Freezing Cloud           Conj/Ice/Air   2%         6-21      99%         5
 Iskenderun's Battlesphe  Conj           4%         2d6       99%         5
 Metabolic Englaciation   Hex/Ice        2%         N/A       99%         5
 Eringya's Noxious Bog    Tmut/Pois      2%         4d6       100%        6
 Leda's Unmaking          Conj/Erth      5%         9d2       100%        6
 Simulacrum               Ice/Necr       2%         N/A       100%        6
 Spellforged Servitor     Conj/Summ      8%         N/A       100%        7
 Lehudib's Crystal Spear  Conj/Erth      5%         10d3      100%        8
 Dragon's Call            Summ           15%        N/A       100%        9


Dungeon Overview and Level Annotations

Branches:
Dungeon (13/15)            Temple (1/1) D:4            Lair (5/5) D:10
 Shoals (1/4) Lair:2        Snake (0/4) Lair:3        Slime (0/5) Lair:5
    Orc (2/2) D:9             Elf (0/3) Orc:2        Vaults (0/5) D:13
  IceCv (visited)         Gauntlet (visited)

Altars:
Ashenzari
Cheibriados
Dithmenos
Elyvilon
Fedhas
Gozag
Hepliaklqana
Kikubaaqudgha
Makhleb
Nemelex Xobeh
Okawaru
Qazlal
Ru
Sif Muna
Trog
Uskayaw
Vehumet
Wu Jian
Xom
Yredelemnul
Zin
The Shining One
Jiyva

Shops:
D:1 :   D:9 [   D:13 =   Orc:2 =:!?:   Shoals:1 [

Annotations:
D:13 3 runed translucent doors, Newt's ghost, journeyman KoHu
Temple 2 transporters


Innate Abilities, Weirdness & Mutations

Your life essence is reduced to manifest your ancestor. (-10% HP)
You are very nimble when in or above water. (Stealth+, EV+, Speed+++)
Your lower body shifts to a powerful aquatic tail in water.


Message History

The kraken bites you but does no damage.
Unknown command.
Okay, then.
Select a target.
Press: ? - help, Dir - move target, f - kraken, p - tentacle
Aim: a kraken (water, severely wounded) Some deep water.
The kraken swaps with Fikile!
Tentacles burst out of the water! 4 tentacles come into view.
Unknown command.
Unknown command.
Aiming: Thunderbolt
Press: ? - help, Shift-Dir - straight line, f/p - kraken
Aim: a kraken (thin mist, water, severely wounded, ally target)
The thunderbolt hits the kraken.
The kraken is severely wounded.
You hear a screech!
The tentacle slaps Fikile.
The tentacle barely misses Fikile.
The tentacle slaps you!
* * * LOW HITPOINT WARNING * * *
Fikile hits the kraken but does no damage.
Fikile barely misses the tentacle.
Fikile hits the tentacle with a +0 broad axe of flaming.
Fikile burns the tentacle.
Fikile barely misses the tentacle.
Unknown command.
You feel much better. The tentacle completely misses you.
The kraken bites you but does no damage.
The tentacle slaps you!!
Unknown command.
You slash the kraken!
The kraken is severely wounded.
The tentacle completely misses you. The kraken bites you!!!
* * * LOW HITPOINT WARNING * * *
Fikile hits the tentacle with a +0 broad axe of flaming!
Fikile burns the tentacle.
Fikile hits the tentacle with a +0 broad axe of flaming!
Fikile burns the tentacle.
Fikile barely misses something.
The tentacle slaps you but does no damage.
The kraken bites you.
You die...

~~~~≈≈≈≈≈≈≈≈≈≈≈
~~~~≈≈≈≈≈≈≈≈≈≈≈
≈~≈≈≈≈≈≈≈≈≈≈≈≈≈
≈≈≈≈≈≈≈≈≈≈≈≈≈≈≈
≈≈≈≈≈§≈≈≈≈≈≈≈≈≈
≈≈≈≈≈w≈≈≈≈≈≈≈≈≈
≈≈≈≈≈RwX≈≈≈≈≈≈≈
≈≈≈≈≈≈§@≈≈≈≈≈≈≈
≈≈≈≈≈≈≈≈≈≈≈≈≈≈≈
≈≈≈≈≈≈≈≈≈≈≈≈≈≈≈
≈≈≈≈≈≈≈≈≈≈≈≈≈≈≈
###############


You could see the friendly Fikile the knight, a kraken (ally target) and 2
tentacles.

Vanquished Creatures
  Jorgrun (Orc:2)
  An orc warlord (Orc:1)
  A minotaur (Gauntlet)
  A merfolk javelineer (Shoals:1)
  4 hydras
  2 catoblepae
  A boulder beetle (D:11)
  6 death yaks
  The ghost of cforsyth the Prestidigitator, a novice GnAr of Okawaru (D:9)
  An orc high priest (Orc:1)
  Nergalle (Lair:3)
  2 sea snakes (Shoals:1)
  2 skysharks
  6 orc knights
  A deep elf pyromancer (D:12)
  An orc sorcerer (Orc:1)
  4 oklob plants
  3 ugly things
  2 cyclopes
  7 manticores
  2 merfolk sirens (Shoals:1)
  8 elephants (Lair:5)
  A gargoyle (D:11)
  2 ice statues (IceCv)
  2 torpor snails
  3 water nymphs (Shoals:1)
  7 black mambas
  2 unseen horrors
  6 cane toads
  5 komodo dragons
  A minotaur zombie (Gauntlet)
  A rime drake (Lair:4)
  A kobold demonologist (D:9)
  2 ice devils (Orc:2)
  6 polar bears
  A merfolk (Shoals:1)
  2 wind drakes (Shoals:1)
  5 hornets
  2 trolls (Orc:1)
  2 snapping turtles (Shoals:1)
  17 blink frogs
  4 dream sheep
  6 slime creatures
  13 spriggans (Lair:5)
  Sigmund (D:6)
  3 wyverns
  5 wraiths
  A shadow (D:13)
  46 yaks
  A vampire mosquito (D:10)
  A death yak simulacrum (IceCv)
  3 steam dragons
  8 water moccasins
  5 wargs
  5 nagas (Lair:3)
  2 acid dragons
  A sky beast (D:6)
  31 orc warriors
  7 ogres
  17 wolves
  5 black bears
  An ice beast (D:7)
  4 boggarts (Lair:5)
  26 centaurs
  13 kobold brigands
  10 bullfrogs
  2 scorpions
  A cane toad simulacrum (IceCv)
  8 wights
  An electric eel (Lair:1)
  3 howler monkeys
  A jelly (D:6)
  4 hounds
  2 sleepcaps
  16 orc priests
  2 gnoll boudas (D:10)
  Natasha (thrice) (D:3)
  11 orc wizards
  A wolf simulacrum (IceCv)
  A gnoll (shapeshifter) (D:13)
  2 adders
  6 gnolls
  A shadow imp (D:7)
  2 white imps
  3 ufetubi (D:5)
  5 worms
  6 dart slugs
  55 orcs
  6 ball pythons
  3 bats
  7 endoplasms
  5 goblins
  6 hobgoblins
  3 jackals (D:3)
  A quokka (D:3)
  6 frilled lizards
  25 kobolds
  3 rats
546 creatures vanquished.

Vanquished Creatures (collateral kills)
  A hydra (Lair:5)
  A boulder beetle (D:13)
  A dancing weapon (D:13)
  3 death yaks
  A two-headed ogre (D:10)
  A skyshark (Shoals:1)
  2 oklob plants
  A cyclops (D:12)
  An elephant (Lair:5)
  A merfolk siren (Shoals:1)
  A slime creature (Gauntlet)
  2 gargoyles
  3 cane toads
  A kobold demonologist (D:10)
  A komodo dragon (Lair:3)
  A minotaur zombie (Gauntlet)
  2 trolls
  3 polar bears
  A hornet (D:8)
  4 blink frogs
  A shadow (D:11)
  A vampire (D:13)
  10 yaks
  A vampire mosquito (D:10)
  A warg (Orc:1)
  A naga (Lair:3)
  An acid dragon (D:10)
  A water moccasin (Lair:1)
  11 orc warriors
  3 wolves
  A boggart (Lair:5)
  An ogre (Orc:1)
  5 centaurs
  2 kobold brigands
  A bullfrog (Lair:2)
  A wight (D:9)
  5 orc priests (Orc:1)
  A jelly (Gauntlet)
  A gnoll bouda (D:10)
  9 orc wizards
  3 gnolls (D:10)
  24 orcs
  A kobold (D:8)
118 creatures vanquished.

Vanquished Creatures (others)
  A wind drake (Shoals:1)
  An ancestor (D:9)
  9 knights
  An orc (Orc:1)
  6 tentacles (Shoals:1)
18 creatures vanquished.

Grand Total: 682 creatures vanquished

Notes
Turn   | Place    | Note
-------+----------+-------------------------------------------
     0 | D:1      | Newt the Merfolk Gladiator began the quest for the Orb.
     0 | D:1      | Reached XP level 1. HP: 16/16 MP: 1/1
    77 | D:1      | Reached XP level 2. HP: 23/23 MP: 2/2
   340 | D:1      | Found Jastrus's Book Shoppe.
   478 | D:2      | Reached XP level 3. HP: 30/30 MP: 3/3
   554 | D:2      | Identified the +0 pair of boots of the Orb Guardian {Contam
                  | Will++ Int+4 Dex+2}
  1018 | D:2      | Reached XP level 4. HP: 30/38 MP: 4/4
  1477 | D:3      | Noticed Natasha
  1485 | D:3      | Killed Natasha
  1486 | D:3      | Reached skill level 5 in Fighting
  1705 | D:3      | Found an ornate altar of the Wu Jian Council.
  1714 | D:3      | Noticed Natasha
  1720 | D:3      | Reached XP level 5. HP: 44/44 MP: 5/5
  1722 | D:3      | Killed Natasha
  1723 | D:3      | Reached skill level 5 in Polearms
  1776 | D:3      | Noticed Natasha
  1783 | D:3      | Killed Natasha
  2161 | D:4      | Found a shimmering blue altar of Sif Muna.
  2161 | D:4      | Found a burning altar of Makhleb.
  2161 | D:4      | Found a sparkling altar of Nemelex Xobeh.
  2161 | D:4      | Found a stormy altar of Qazlal.
  2161 | D:4      | Found a shadowy altar of Dithmenos.
  2187 | D:4      | Noticed an ogre
  2201 | D:4      | Killed an ogre
  2202 | D:4      | Reached skill level 7 in Polearms
  2202 | D:4      | Reached XP level 6. HP: 51/51 MP: 6/6
  2308 | D:4      | Found a staircase to the Ecumenical Temple.
  2321 | Temple   | Found a transporter.
  2321 | Temple   | Found a transporter.
  2321 | Temple   | Found a transporter.
  2321 | Temple   | Found a transporter.
  2321 | Temple   | Entered the Ecumenical Temple
  2373 | D:4      | Found a glowing golden altar of the Shining One.
  2824 | D:5      | Entered Level 5 of the Dungeon
  2851 | D:5      | Reached skill level 8 in Polearms
  3049 | D:5      | Reached XP level 7. HP: 48/56 MP: 7/7
  3486 | D:5      | Reached skill level 9 in Polearms
  3548 | D:5      | Reached skill level 5 in Dodging
  3809 | D:6      | Reached XP level 8. HP: 62/62 MP: 8/8
  3986 | D:6      | Reached skill level 10 in Polearms
  4132 | D:6      | Found a faded altar of an unknown god.
  4132 | D:6      | Found a broken altar of Ashenzari.
  4132 | D:6      | Noticed Sigmund
  4137 | D:6      | Killed Sigmund
  4138 | D:6      | Reached skill level 11 in Polearms
  4150 | D:6      | Found a hazy altar of Hepliaklqana.
  4152 | D:6      | Found a blossoming altar of Fedhas.
  4154 | D:6      | Found a faded altar of an unknown god.
  4254 | D:6      | Became a worshipper of Hepliaklqana the Forgotten
  4365 | D:6      | Found a hide-covered altar of Uskayaw.
  4365 | D:6      | Found an iron altar of Okawaru.
  4459 | D:7      | Found a basalt altar of Yredelemnul.
  4588 | D:7      | Found a shimmering altar of Xom.
  4640 | D:7      | Found a bloodstained altar of Trog.
  4650 | D:7      | Reached skill level 12 in Polearms
  4710 | D:7      | Reached XP level 9. HP: 67/68 MP: 9/9
  4772 | D:7      | Reached skill level 13 in Polearms
  5005 | D:7      | Reached skill level 14 in Polearms
  5006 | D:7      | Reached skill level 1 in Evocations
  5088 | D:7      | Reached * piety under Hepliaklqana
  5455 | D:8      | Noticed a hornet
  5466 | D:8      | Paralysed by a hornet for 1 turns
  5468 | D:8      | Killed a hornet
  5959 | D:8      | Reached skill level 5 in Evocations
  6478 | D:9      | Found Aheogh's Armour Shoppe.
  6571 | D:9      | Found a runed translucent gate.
  6572 | D:9      | Found a runed translucent gate.
  6573 | D:9      | Found a runed translucent gate.
  6575 | D:9      | Noticed cforsyth's ghost (novice GnAr)
  6576 | D:9      | Noticed a kobold demonologist
  6741 | D:9      | Reached XP level 10. HP: 69/69 MP: 10/10
  6815 | D:9      | Found a staircase to the Orcish Mines.
  6921 | D:9      | Reached ** piety under Hepliaklqana
  6923 | D:9      | Remembered your ancestor Fikile as a knight
  7195 | D:9      | Reached skill level 15 in Polearms
  7471 | D:9      | Killed cforsyth's ghost
  7477 | D:9      | Killed a kobold demonologist
  7478 | D:9      | Reached skill level 16 in Polearms
  7495 | D:9      | Reached XP level 11. HP: 74/80 MP: 11/11
  7532 | D:10     | Entered Level 10 of the Dungeon
  7566 | D:10     | Found a staircase to the Lair.
  7613 | D:10     | Noticed a two-headed ogre
  7618 | D:10     | Reached skill level 17 in Polearms
  7635 | Lair:1   | Entered Level 1 of the Lair of Beasts
  7907 | D:10     | Killed a two-headed ogre
  8156 | D:10     | Reached skill level 18 in Polearms
  8810 | D:10     | Reached skill level 10 in Fighting
  9090 | D:11     | Noticed a purple ugly thing
  9105 | D:11     | Killed a purple ugly thing
  9192 | D:9      | Bought the +4 moon troll leather armour {Spirit, Regen++
                  | MP+5} for 763 gold pieces
  9192 | D:9      | Found the +4 moon troll leather armour {Spirit, Regen++
                  | MP+5}
  9391 | D:11     | Noticed a boulder beetle
  9417 | D:11     | Killed a boulder beetle
  9855 | D:12     | Reached *** piety under Hepliaklqana
  9964 | D:12     | Noticed a deep elf pyromancer
  9966 | D:12     | Noticed a manticore
  9979 | D:12     | Killed a deep elf pyromancer
  9980 | D:12     | Reached skill level 1 in Invocations
  9992 | D:12     | Killed a manticore
  9993 | D:12     | Reached XP level 12. HP: 91/91 MP: 13/13
 10363 | D:12     | Reached skill level 5 in Invocations
 10944 | D:13     | Found a gate to the Vaults.
 10974 | D:13     | Reached **** piety under Hepliaklqana
 11105 | D:13     | Noticed a boulder beetle
 11120 | D:13     | Killed a boulder beetle
 11213 | D:13     | Found Oroas's Jewellery Shop.
 11506 | D:13     | Found a runed translucent gate.
 11507 | D:13     | Found a runed translucent gate.
 11507 | D:13     | Found an opulent altar of Gozag.
 11508 | D:13     | Found a runed translucent gate.
 11513 | D:13     | Noticed a boulder beetle
 11513 | D:13     | Noticed an ice dragon
 11513 | D:13     | Noticed a crystal guardian
 11513 | D:13     | Noticed Newt's ghost (journeyman KoHu)
 12042 | Lair:1   | Reached skill level 10 in Dodging
 12192 | Lair:1   | Reached XP level 13. HP: 97/97 MP: 19/19
 12457 | Lair:1   | Reached skill level 1 in Spellcasting
 12972 | Lair:2   | Identified the amulet "Taugi" {Regen+ Dex+3 Slay+3}
 13120 | Lair:2   | Reached ***** piety under Hepliaklqana
 13210 | Lair:2   | Found a staircase to the Shoals.
 13216 | Lair:2   | Reached skill level 5 in Spellcasting
 13247 | Lair:2   | You fall into a shaft and drop 1 floor!
 13357 | Lair:3   | Found a gate leading to a gauntlet.
 13366 | Gauntlet | Entered a Gauntlet
 13366 | Gauntlet | Found a transporter.
 13379 | Gauntlet | Found a transporter.
 13390 | Gauntlet | Found a transporter.
 13395 | Gauntlet | Found a transporter.
 13420 | Gauntlet | Found a transporter.
 13439 | Gauntlet | Found a transporter.
 13451 | Gauntlet | Found a transporter.
 13469 | Gauntlet | Found a transporter.
 13475 | Gauntlet | Found a transporter.
 13484 | Gauntlet | Found a transporter.
 13495 | Gauntlet | Noticed a green death
 13496 | Gauntlet | Found a transporter.
 13513 | Gauntlet | Found a transporter.
 13531 | Gauntlet | Found a transporter.
 13533 | Gauntlet | Found a transporter.
 13558 | Gauntlet | Found a transporter.
 13560 | Gauntlet | Found a transporter.
 13580 | Gauntlet | Found a transporter.
 13692 | Gauntlet | Found a transporter.
 13804 | Gauntlet | Identified the amulet of Renuiqel {Acrobat rElec rC+ Will+}
 14005 | Gauntlet | Identified the +2 cloak of Godudyuv {rN+ Int+3 Dex-3
                  | Slay+3}
 14028 | Gauntlet | Found the +0 toga "Victory" {*Victory Clar}
 14028 | Gauntlet | Noticed a minotaur
 14046 | Gauntlet | Killed a minotaur
 14047 | Gauntlet | Reached skill level 1 in Summonings
 14145 | Lair:3   | Reached XP level 14. HP: 92/103 MP: 26/26
 14247 | Lair:3   | Noticed Nergalle
 14258 | Lair:3   | Killed Nergalle
 14292 | Lair:3   | Found a staircase to the Snake Pit.
 14323 | Lair:3   | Reached skill level 5 in Summonings
 14633 | Lair:3   | Learned a level 4 spell: Animate Armour
 15410 | Lair:4   | Identified the +2 robe of the Peculiar Brambles {rPois}
 15733 | Lair:5   | Entered Level 5 of the Lair of Beasts
 15959 | Lair:5   | Reached skill level 10 in Summonings
 15983 | Lair:5   | Identified the +1 leather armour of Greed {rF++ rN+ Int-5}
 16254 | Lair:5   | Reached ****** piety under Hepliaklqana
 16364 | Lair:5   | Found a staircase to the Slime Pits.
 16365 | Lair:5   | Found a viscous altar of Jiyva.
 16498 | Lair:5   | Reached skill level 1 in Earth Magic
 16498 | Lair:5   | Reached XP level 15. HP: 102/108 MP: 27/27
 17105 | Orc:1    | Entered Level 1 of the Orcish Mines
 17105 | Orc:1    | Noticed an orc warlord
 17120 | Orc:1    | Killed an orc warlord
 17641 | Orc:2    | Entered Level 2 of the Orcish Mines
 17641 | Orc:2    | Found Lumi's Jewellery Shoppe.
 17730 | Orc:2    | Found a staircase to the Elven Halls.
 17788 | Orc:2    | Found a frozen archway.
 17801 | IceCv    | Entered an ice cave
 17832 | IceCv    | Found a transporter.
 17848 | IceCv    | Found a transporter.
 17862 | IceCv    | Identified the staff of Terra Nullius {Fly Earth}
 17962 | Orc:2    | Noticed Jorgrun
 17968 | Orc:2    | Killed Jorgrun
 18027 | Orc:2    | Found Ablimpug's Distillery.
 18027 | Orc:2    | Found Vagonez's Magic Scroll Shop.
 18027 | Orc:2    | Found Duwousig's Book Boutique.
 18164 | Orc:2    | Found Capoucs's Book Shoppe.
 18176 | Orc:2    | Bought a Fen Folio for 546 gold pieces
 18474 | Orc:2    | Bought a potion of mutation for 112 gold pieces
 18474 | Orc:2    | Bought a potion of mutation for 112 gold pieces
 18631 | Shoals:1 | Entered Level 1 of the Shoals
 19026 | Shoals:1 | Found Genta's Armour Emporium.
 19112 | Shoals:1 | Reached skill level 10 in Evocations
 19139 | Shoals:1 | Noticed a kraken
 19149 | Shoals:1 | HP: 2/108 [kraken (36)]
 19149 | Shoals:1 | Slain by a kraken

Illustrated notes

Levels and vault maps discovered:
D:1:      saegor_arrival_simple_a, layout_rooms, serial_shops,
          nicolae_shop_waterfront, st_stairs_10, minmay_misc_feat_secret_circle
D:2:      layout_rooms, nicolae_eternal_life, roderic_serpentine_path
D:3:      layout_loops_ring, mainiacjoe_overflow_tiny_flanked, uniq_natasha
D:4:      kennysheep_big_flooded_room, layout_loops_ring,
          grunt_temple_overflow_open, minmay_temple_entry_drinking_statues,
          minmay_misc_feat_chi
D:5:      layout_gridville, hellmonk_no_cap
D:6:      layout_rooms, chequers_temple_overflow_minitemple,
          gammafunk_temple_overflow_elements, grunt_decor_arrowhead,
          uniq_sigmund
D:7:      layout_basic, mainiacjoe_overflow_cross_hatched, kennysheep_mini,
          mainiacjoe_overflow_surrounded_room
D:8:      layout_cave_pods
D:9:      layout_loops_ring, david_orc_1_choice, gammafunk_ghost_nasty_kobolds,
          serial_shops, shop
D:10:     kennysheep_seaside_town, layout_long_grid, lair_entry_dummy,
          minmay_fractal_squares_5
D:11:     layout_loops_ring
D:12:     layout_cave_pods
D:13:     layout_stronghold, erik_vaults_1, serial_shops, nicolae_diamond_shop,
          ebering_ghost_gozag
Temple:   hellmonk_temple_divided_pantheon
Lair:1:   minmay_lair_oklob_tunnel, layout_gridlike, gammafunk_lair_bear_cave
Lair:2:   layout_cave_shapes, minmay_shoals_entry_centaurs, st_stairs_7,
          chequers_serial_rivers_micro_c, grunt_megastairs_3,
          serial_bayou_shore_a, infiniplex_staircase_pool_2
Lair:3:   layout_roguey, minmay_snake_entry_guardpost_large,
          gauntlet_entry_generic, serial_bayou_shore_b, uniq_nergalle
Lair:4:   layout_layer_cave, minmay_lair_oklob_items, fungi_pond_lemuel,
          lemuel_fruit_fields, serial_bayou_shore_b, lemuel_fruit_tree
Lair:5:   minmay_lair_end_enchanted_forest, layout_loops_ring, slime_entry_1,
          serial_rivers, chequers_serial_rivers_small_b,
          chequers_serial_rivers_small_3, chequers_serial_rivers_micro_a,
          chequers_serial_rivers_small_3
Shoals:1: layout_shoals, serial_shops, nicolae_shop_waterfront
Orc:1:    layout_caves, serial_shops, minmay_orc_temple_c
Orc:2:    st_orc_rangers, layout_diamond_mine, serial_shops, shop,
          portal_ice_cave_demonic_guard, uniq_jorgrun

Skill      XL: |  1  2  3  4  5  6  7  8  9 10 11 12 13 14 15 |
---------------+----------------------------------------------+-----
Fighting       | 3 4 5 6 9 12 | 12.0
Polearms       | 7 8 9 12 14 16 18 | 18.0
Dodging        | 7 11 12 | 12.0
Evocations     | 5 10 | 10.0
Invocations    | 2 9 |  9.0
Spellcasting   | 8 |  8.4
Summonings     | 3 11 | 11.7
Earth Magic    | 1 4 |  4.9
Throwing       | |  2.0

Action                     |  1- 3 |  4- 6 |  7- 9 | 10-12 | 13-15 || total
---------------------------+-------+-------+-------+-------+-------++-------
  Melee: Trident           |    85 |   164 |   356 |   758 |   443 ||  1806
         Punch             |       |     1 |     3 |    11 |     8 ||    23
         Glaive            |       |       |       |       |   507 ||   507
         Tailslap          |       |       |       |       |     5 ||     5
  Throw: Throwing net      |       |       |       |     2 |       ||     2
   Cast: Animate Armour    |       |       |       |       |     6 ||     6
 Invoke: Ancestor Life: Kn |       |       |       |     1 |       ||     1
         Recall Ancestor   |       |       |       |     1 |     4 ||     5
         Transference      |       |       |       |       |     1 ||     1
  Evoke: Lightning rod     |       |       |       |       |     1 ||     1
    Use: Scroll            |     2 |     4 |    10 |    11 |    10 ||    37
         Potion            |       |       |     1 |     3 |     2 ||     6
   Stab: Sleeping          |       |     6 |     1 |       |       ||     7
         Distracted        |       |       |       |     3 |     9 ||    12
         Invisible         |       |       |       |       |    12 ||    12
         Petrified         |       |       |       |       |     4 ||     4
         Petrifying        |       |       |       |       |     1 ||     1
 Armour: Leather armour    |     7 |    38 |    52 |       |       ||    97
         Skin              |       |       |     2 |       |       ||     2
         Steam dragon scal |       |       |       |    41 |       ||    41
         Troll leather arm |       |       |       |    74 |   196 ||   270
         Robe              |       |       |       |       |    11 ||    11
  Dodge: Dodged            |    38 |    84 |   207 |   356 |   820 ||  1505

Table legend: (Time is in decaauts)
 A = Elapsed time spent in this place.
 B = Non-inter-level travel time spent in this place.
 C = Inter-level travel time spent in this place.
 D = Time resting spent in this place.
 E = Time spent auto-exploring this place.
 F = Levels seen in this place.
 G = Mean time per level.
                   A        B        C        D        E       F      G
               +--------+--------+--------+--------+--------+-----+--------+
         Total |  18568 |  17370 |   1198 |   1671 |  11869 |  24 |  773.7 |
       Dungeon |  11237 |  10419 |    818 |   1172 |   7463 |  13 |  864.4 |
        Temple |      1 |      1 |      0 |      0 |      0 |   1 |    1.0 |
          Lair |   4747 |   4472 |    275 |    434 |   2951 |   5 |  949.4 |
        Shoals |    455 |    455 |      0 |      8 |    290 |   1 |  455.0 |
  Orcish Mines |   1335 |   1232 |    103 |     57 |    828 |   2 |  667.5 |
      Ice Cave |    104 |    104 |      0 |      0 |     31 |   1 |  104.0 |
      Gauntlet |    686 |    686 |      0 |      0 |    305 |   1 |  686.0 |
               +--------+--------+--------+--------+--------+-----+--------+

Top non-repeatable levels by time:
    D:10: 1415 daAuts
  Lair:1: 1351 daAuts
     D:9: 1230 daAuts
  Lair:5: 1225 daAuts
  Lair:4: 1035 daAuts
     D:7: 999 daAuts
     D:5: 958 daAuts
     D:2: 920 daAuts
    D:12: 912 daAuts
     D:8: 867 daAuts
    D:13: 783 daAuts
   Orc:2: 771 daAuts
     D:3: 771 daAuts
  Lair:3: 741 daAuts
Gauntlet: 686 daAuts
